TOP OF THE 1ST |
Montego Bay Reefers batting - Pitching for Managua Lagoon Monsters : RHP Bud Anderson
|
Pitching: RHP Bud Anderson
|
|
Batting: LHB Tim Flannery
|
0-0: Ball 1-0: Ball 2-0: Swinging Strike 2-1: Foul Ball, location: 2F 2-2: Ball 3-2: Strikes out swinging
|
Batting: RHB Charles Stafford
|
0-0: Ball 1-0: Called Strike 1-1: Swinging Strike 1-2: Foul Ball, location: 2F 1-2: Foul Ball, location: 2F 1-2: SINGLE (Line Drive, 9S, EV 93.8 MPH)
|
Batting: RHB Don Lyle
|
0-0: Called Strike Charles Stafford steals 2nd base 0-1: Foul Ball, location: 2F 0-2: Ground out 4-3 (Groundball, 4, EV 93.8 MPH) Charles Stafford to third
|
Batting: RHB Tom Romano
|
0-0: Ball 1-0: Ball 2-0: Called Strike 2-1: Ball 3-1: Base on Balls
|
Batting: RHB Darryl Motley
|
0-0: Called Strike 0-1: Fly out, F3 (Popup, 3SF, EV 78.1 MPH)
|
Top of the 1st over - 0 runs, 1 hit, 0 errors, 2 left on base; Montego Bay 0 - Managua 0 |
BOTTOM OF THE 1ST |
Managua Lagoon Monsters batting - Pitching for Montego Bay Reefers : RHP Bill Gullickson
|
Pitching: RHP Bill Gullickson
|
|
Batting: LHB Gerald Perry
|
0-0: Called Strike 0-1: Called Strike 0-2: Ball 1-2: Ground out 4-3 (Groundball, 4M, EV 81.3 MPH)
|
Batting: SHB Wallace Johnson
|
0-0: Ground out 4-3 (Groundball, 4, EV 107.5 MPH)
|
Batting: RHB Randy Ready
|
0-0: Called Strike 0-1: Swinging Strike 0-2: Ball 1-2: Strikes out looking
|
Bottom of the 1st over - 0 runs, 0 hits, 0 errors, 0 left on base; Montego Bay 0 - Managua 0 |
TOP OF THE 2ND |
Montego Bay Reefers batting - Pitching for Managua Lagoon Monsters : RHP Bud Anderson
|
Batting: RHB Ed Jurak
|
0-0: Called Strike 0-1: Ground out 1-3 (Groundball, 34S, EV 81.9 MPH)
|
Batting: LHB John Stefero
|
0-0: Ball 1-0: Called Strike 1-1: Ball 2-1: Fly out, F3 (Popup, 3L, EV 77.5 MPH)
|
Batting: RHB Al Pedrique
|
0-0: Fly out, F8 (Flyball, 89M, EV 92.5 MPH)
|
Top of the 2nd over - 0 runs, 0 hits, 0 errors, 0 left on base; Montego Bay 0 - Managua 0 |
BOTTOM OF THE 2ND |
Managua Lagoon Monsters batting - Pitching for Montego Bay Reefers : RHP Bill Gullickson
|
Batting: RHB Marty Castillo
|
0-0: Ball 1-0: Ball 2-0: Called Strike 2-1: Ball 3-1: Base on Balls
|
Batting: LHB Tony Ramirez
|
0-0: Ball 1-0: Swinging Strike 1-1: SINGLE (Flyball, 7S, EV 83.1 MPH) Marty Castillo to second
|
Batting: LHB Steven Fortune
|
0-0: Called Strike 0-1: SINGLE (Groundball, 4MD, EV 95.0 MPH) Marty Castillo to third Tony Ramirez to second
|
Batting: LHB Jerold Johnston
|
0-0: Ball 1-0: Foul Ball, location: 2F 1-1: Ball 2-1: Fly out, F8 (Flyball, 8RM, EV 85.0 MPH)
|
Batting: LHB Miguel Negron
|
0-0: Ball 1-0: Ball 2-0: Called Strike 2-1: Ball 3-1: Fly out, F8 (Flyball, 8RM, EV 83.8 MPH) Runner from 3rd tags up, OUT at HOME! 8-2
|
Bottom of the 2nd over - 0 runs, 2 hits, 0 errors, 2 left on base; Montego Bay 0 - Managua 0 |
TOP OF THE 3RD |
Montego Bay Reefers batting - Pitching for Managua Lagoon Monsters : RHP Bud Anderson
|
Batting: RHB Douglas Morganti
|
0-0: Ball 1-0: Ball 2-0: Foul Ball, location: 2F 2-1: Foul Ball, location: 2F 2-2: Foul Ball, location: 2F 2-2: Fly out, F7 (Line Drive, 7D, EV 106.3 MPH)
|
Batting: LHB Tim Flannery
|
0-0: Ball 1-0: Called Strike 1-1: Ball 2-1: SINGLE (Flyball, 89S, EV 87.5 MPH)
|
Batting: RHB Charles Stafford
|
0-0: Ball 1-0: SINGLE (Groundball, 6S, EV 67.5 MPH) (infield hit) Tim Flannery to second
|
Batting: RHB Don Lyle
|
0-0: Ball Tim Flannery is caught stealing 3rd base 2-5 1-0: Fly out, F9 (Flyball, 9S, EV 89.4 MPH)
|
Top of the 3rd over - 0 runs, 2 hits, 0 errors, 1 left on base; Montego Bay 0 - Managua 0 |
BOTTOM OF THE 3RD |
Managua Lagoon Monsters batting - Pitching for Montego Bay Reefers : RHP Bill Gullickson
|
Batting: RHB Gene Menees
|
0-0: Ball 1-0: Foul Ball, location: 2F 1-1: Foul Ball, location: 2F 1-2: Foul Ball, location: 2F 1-2: Strikes out looking
|
Batting: LHB Gerald Perry
|
0-0: Ball 1-0: Called Strike 1-1: Ball 2-1: Ball 3-1: Foul Ball, location: 2F 3-2: Foul Ball, location: 2F 3-2: SINGLE (Groundball, 4M, EV 100.6 MPH)
|
Batting: SHB Wallace Johnson
|
0-0: Ball 1-0: Called Strike 1-1: Ball 2-1: Fielders Choice at 2nd, 4-6 (Groundball, 4, EV 105.6 MPH)
|
Batting: RHB Randy Ready
|
0-0: Ball 1-0: Called Strike 1-1: Called Strike 1-2: Ball Wallace Johnson steals 2nd base 2-2: Foul Ball, location: 2F 2-2: Ball 3-2: Fly out, F9 (Flyball, 9S, EV 87.5 MPH)
|
Bottom of the 3rd over - 0 runs, 1 hit, 0 errors, 1 left on base; Montego Bay 0 - Managua 0 |
TOP OF THE 4TH |
Montego Bay Reefers batting - Pitching for Managua Lagoon Monsters : RHP Bud Anderson
|
Batting: RHB Tom Romano
|
0-0: SINGLE (Line Drive, 78M, EV 108.8 MPH)
|
Batting: RHB Darryl Motley
|
0-0: Foul Ball, location: 2F 0-1: Fly out, F9 (Flyball, 9S, EV 90.0 MPH)
|
Batting: RHB Ed Jurak
|
0-0: Grounds into double play, 5-4-3 (Groundball, 56, EV 97.5 MPH)
|
Top of the 4th over - 0 runs, 1 hit, 0 errors, 0 left on base; Montego Bay 0 - Managua 0 |
BOTTOM OF THE 4TH |
Managua Lagoon Monsters batting - Pitching for Montego Bay Reefers : RHP Bill Gullickson
|
Batting: RHB Marty Castillo
|
0-0: Foul Ball, location: 2F 0-1: Foul Ball, location: 2F 0-2: Ball 1-2: Ball 2-2: Ground out 5-3 (Groundball, 56S, EV 78.1 MPH)
|
Batting: LHB Tony Ramirez
|
0-0: Fly out, F6 (Popup, 4M, EV 70.0 MPH)
|
Batting: LHB Steven Fortune
|
0-0: Ball 1-0: Ball 2-0: Ball 3-0: Called Strike 3-1: Fly out, F8 (Flyball, 8LXD, EV 98.8 MPH)
|
Bottom of the 4th over - 0 runs, 0 hits, 0 errors, 0 left on base; Montego Bay 0 - Managua 0 |
TOP OF THE 5TH |
Montego Bay Reefers batting - Pitching for Managua Lagoon Monsters : RHP Bud Anderson
|
Batting: LHB John Stefero
|
0-0: Ball 1-0: Called Strike 1-1: Swinging Strike 1-2: Ball 2-2: Strikes out looking
|
Batting: RHB Al Pedrique
|
0-0: Fly out, F9 (Flyball, 89D, EV 92.5 MPH)
|
Batting: RHB Douglas Morganti
|
0-0: Ball 1-0: Ball 2-0: Called Strike 2-1: Ball 3-1: Fly out, F8 (Flyball, 8RD, EV 91.3 MPH)
|
Top of the 5th over - 0 runs, 0 hits, 0 errors, 0 left on base; Montego Bay 0 - Managua 0 |
BOTTOM OF THE 5TH |
Managua Lagoon Monsters batting - Pitching for Montego Bay Reefers : RHP Bill Gullickson
|
Batting: LHB Jerold Johnston
|
0-0: Ball 1-0: Foul Ball, location: 2F 1-1: Ball 2-1: Foul Ball, location: 2F 2-2: Ground out 5-3 (Groundball, 56, EV 83.1 MPH)
|
Batting: LHB Miguel Negron
|
0-0: DOUBLE (Line Drive, 9LS, EV 110.6 MPH)
|
Batting: RHB Gene Menees
|
0-0: Ball 1-0: Called Strike 1-1: Called Strike 1-2: Strikes out swinging
|
Batting: LHB Gerald Perry
|
0-0: Ball 1-0: Ball 2-0: Foul Ball, location: 2F 2-1: Foul Ball, location: 2F 2-2: Ball 3-2: Foul Ball, location: 2F 3-2: SINGLE (Line Drive, 89S, EV 109.4 MPH) Miguel Negron to third Miguel Negron scores
|
Batting: SHB Wallace Johnson
|
0-0: Ball 1-0: Ground out 4-3 (Groundball, 4, EV 80.0 MPH)
|
Bottom of the 5th over - 1 run, 2 hits, 0 errors, 1 left on base; Montego Bay 0 - Managua 1 |
TOP OF THE 6TH |
Montego Bay Reefers batting - Pitching for Managua Lagoon Monsters : RHP Bud Anderson
|
Batting: LHB Tim Flannery
|
0-0: Swinging Strike 0-1: Fly out, F9 (Flyball, 89S, EV 88.1 MPH)
|
Batting: RHB Charles Stafford
|
0-0: Ball 1-0: Foul Ball, location: 2F 1-1: Foul Ball, location: 2F 1-2: Foul Ball, location: 2F 1-2: SINGLE (Groundball, 4MD, EV 108.1 MPH)
|
Batting: RHB Don Lyle
|
0-0: Ball 1-0: Ball Charles Stafford steals 2nd base 2-0: Swinging Strike 2-1: Ball 3-1: Called Strike 3-2: Foul Ball, location: 2F 3-2: Foul Ball, location: 2F 3-2: Base on Balls
|
Batting: RHB Tom Romano
|
0-0: Ball 1-0: Ball 2-0: Ball 3-0: Base on Balls Charles Stafford to third Don Lyle to second
|
Batting: RHB Darryl Motley
|
0-0: SINGLE (Groundball, 6M, EV 106.9 MPH) Charles Stafford scores Don Lyle to third Tom Romano to second Runner from 3rd tries for Home, SAFE, no throw by CF
|
Batting: RHB Ed Jurak
|
0-0: Ball 1-0: Called Strike Tom Romano is caught stealing 3rd base 2-5 1-1: Ball 2-1: Swinging Strike 2-2: Ball 3-2: Strikes out looking
|
Top of the 6th over - 2 runs, 2 hits, 0 errors, 1 left on base; Montego Bay 2 - Managua 1 |
BOTTOM OF THE 6TH |
Managua Lagoon Monsters batting - Pitching for Montego Bay Reefers : RHP Bill Gullickson
|
Pitching: LHP Randy Niemann
|
|
Batting: RHB Randy Ready
|
0-0: Ball 1-0: Called Strike 1-1: Foul Ball, location: 2F 1-2: Foul Ball, location: 2F 1-2: Foul Ball, location: 2F 1-2: Strikes out looking
|
Batting: RHB Marty Castillo
|
0-0: Swinging Strike 0-1: Ball 1-1: Ball 2-1: Foul Ball, location: 2F 2-2: SINGLE (Line Drive, 8RS, EV 90.6 MPH)
|
Batting: LHB Tony Ramirez
|
0-0: Ball 1-0: Ball 2-0: Fly out, F8 (Line Drive, 8LD, EV 100.0 MPH)
|
Batting: LHB Steven Fortune
|
0-0: Ball 1-0: Ball 2-0: Called Strike 2-1: Ground out 4-3 (Groundball, 4, EV 91.9 MPH)
|
Bottom of the 6th over - 0 runs, 1 hit, 0 errors, 1 left on base; Montego Bay 2 - Managua 1 |
TOP OF THE 7TH |
Montego Bay Reefers batting - Pitching for Managua Lagoon Monsters : RHP Bud Anderson
|
Batting: LHB John Stefero
|
0-0: Ball 1-0: Ball 2-0: Called Strike 2-1: Ball 3-1: Base on Balls
|
Batting: RHB Al Pedrique
|
0-0: Ball 1-0: SINGLE (Groundball, 56D, EV 95.0 MPH) John Stefero to second
|
Batting: RHB Douglas Morganti
|
0-0: Ball 1-0: Ball 2-0: Ball 3-0: Called Strike 3-1: Swinging Strike 3-2: Base on Balls John Stefero to third Al Pedrique to second
|
Batting: LHB Tim Flannery
|
0-0: Ball 1-0: Foul Ball, location: 2F 1-1: Grounds into double play, 5-2-3 (Groundball, 56, EV 78.1 MPH) Al Pedrique to third Douglas Morganti to second
|
Batting: RHB Charles Stafford
|
0-0: Swinging Strike 0-1: Foul Ball, location: 2F 0-2: Foul Ball, location: 2F 0-2: Fly out, F8 (Flyball, 8RD, EV 105.0 MPH)
|
Top of the 7th over - 0 runs, 1 hit, 0 errors, 2 left on base; Montego Bay 2 - Managua 1 |
BOTTOM OF THE 7TH |
Managua Lagoon Monsters batting - Pitching for Montego Bay Reefers : LHP Randy Niemann
|
Batting: LHB Jerold Johnston
|
0-0: Ball 1-0: SINGLE (Line Drive, 6D, EV 102.5 MPH)
|
Batting: LHB Miguel Negron
|
0-0: Ball 1-0: Swinging Strike 1-1: Ball 2-1: SINGLE (Groundball, 6D, EV 96.9 MPH) Jerold Johnston to second
|
Batting: RHB Gene Menees
|
0-0: Called Strike 0-1: Foul Ball, location: 2F 0-2: Strikes out looking
|
Pitching: RHP Fred Breining
|
|
Batting: LHB Gerald Perry
|
0-0: Called Strike 0-1: Foul Ball, location: 2F 0-2: Foul Ball, location: 2F 0-2: Ball 1-2: Strikes out swinging
|
Batting: SHB Wallace Johnson
|
0-0: Called Strike 0-1: Called Strike 0-2: Fly out, F6 (Line Drive, 6, EV 68.8 MPH)
|
Bottom of the 7th over - 0 runs, 2 hits, 0 errors, 2 left on base; Montego Bay 2 - Managua 1 |
TOP OF THE 8TH |
Montego Bay Reefers batting - Pitching for Managua Lagoon Monsters : RHP Bud Anderson
|
Batting: RHB Don Lyle
|
0-0: Ball 1-0: Fly out, F7 (Line Drive, 7D, EV 96.9 MPH)
|
Batting: RHB Tom Romano
|
0-0: Ball 1-0: Ball 2-0: Ball 3-0: Base on Balls
|
Batting: RHB Darryl Motley
|
0-0: Called Strike 0-1: SINGLE (Groundball, 56D, EV 108.8 MPH) Tom Romano to second
|
Batting: RHB Ed Jurak
|
0-0: Ball Tom Romano steals 3rd base (no throw) 1-0: Called Strike 1-1: Ball 2-1: Ground out 5-3 (Groundball, 5S, EV 81.9 MPH) Darryl Motley to second
|
Batting: LHB John Stefero
|
0-0: Ball 1-0: Ball 2-0: Ball 3-0: Base on Balls
|
Batting: RHB Al Pedrique
|
0-0: Hit by Pitch Tom Romano scores Darryl Motley to third John Stefero to second
|
Batting: RHB Douglas Morganti
|
0-0: Ball 1-0: Swinging Strike 1-1: SINGLE (Groundball, 6MD, EV 97.5 MPH) Darryl Motley scores John Stefero to third Al Pedrique to second Runner from 3rd tries for Home, SAFE, no throw by CF
|
Pitching: RHP Danny Vigil
|
|
Batting: LHB Tim Flannery
|
0-0: Called Strike 0-1: Ball 1-1: Ball 2-1: Foul Ball, location: 2F 2-2: Ball 3-2: Foul Ball, location: 2F 3-2: Fly out, F6 (Popup, 6, EV 61.3 MPH)
|
Top of the 8th over - 3 runs, 2 hits, 0 errors, 2 left on base; Montego Bay 5 - Managua 1 |
BOTTOM OF THE 8TH |
Managua Lagoon Monsters batting - Pitching for Montego Bay Reefers : RHP Fred Breining
|
Batting: RHB Randy Ready
|
0-0: Ball 1-0: Ball 2-0: Foul Ball, location: 2F 2-1: Ground out 6-3 (Groundball, 6, EV 105.0 MPH)
|
Batting: RHB Marty Castillo
|
0-0: Ball 1-0: Ball 2-0: Ball 3-0: Called Strike 3-1: Foul Ball, location: 2F 3-2: SINGLE (Flyball, 78S, EV 88.8 MPH)
|
Batting: LHB Tony Ramirez
|
0-0: Ball 1-0: Called Strike 1-1: Ball 2-1: Ball 3-1: Foul Ball, location: 2F 3-2: Foul Ball, location: 2F 3-2: Foul Ball, location: 2F 3-2: Fielders Choice at 2nd, 1-4 (Groundball, 15, EV 83.8 MPH)
|
Batting: LHB Steven Fortune
|
Pickoff Throw to First - Error! E1 Tony Ramirez to second 0-0: Ball 1-0: Ball 2-0: Ball 3-0: Base on Balls
|
Batting: LHB Jerold Johnston
|
0-0: Called Strike 0-1: Called Strike 0-2: Ball 1-2: Foul Ball, location: 2F 1-2: Ball 2-2: Ball 3-2: Foul Ball, location: 2F 3-2: Ground out 5-3 (Groundball, 5D, EV 90.0 MPH)
|
Bottom of the 8th over - 0 runs, 1 hit, 1 error, 2 left on base; Montego Bay 5 - Managua 1 |
TOP OF THE 9TH |
Montego Bay Reefers batting - Pitching for Managua Lagoon Monsters : RHP Danny Vigil
|
Batting: RHB Charles Stafford
|
0-0: Ball 1-0: Called Strike 1-1: Called Strike 1-2: Ball 2-2: Foul Ball, location: 2F 2-2: SINGLE (Line Drive, 3D, EV 105.0 MPH)
|
Batting: RHB Don Lyle
|
0-0: Ball 1-0: Called Strike 1-1: Fly out, F7 (Flyball, 7LM, EV 88.8 MPH)
|
Batting: RHB Tom Romano
|
0-0: Ball 1-0: Ball 2-0: Ball 3-0: Called Strike 3-1: Foul Ball, location: 2F 3-2: Strikes out swinging
|
Batting: RHB Darryl Motley
|
0-0: Ball 1-0: Swinging Strike 1-1: Ball 2-1: Called Strike 2-2: Ball 3-2: Strikes out looking
|
Top of the 9th over - 0 runs, 1 hit, 0 errors, 1 left on base; Montego Bay 5 - Managua 1 |
BOTTOM OF THE 9TH |
Managua Lagoon Monsters batting - Pitching for Montego Bay Reefers : RHP Fred Breining
|
Pitching: RHP Geoff Combe
|
|
Batting: LHB Miguel Negron
|
0-0: Called Strike 0-1: Ball 1-1: Ball 2-1: Ball 3-1: Called Strike 3-2: Foul Ball, location: 2F 3-2: Foul Ball, location: 2F 3-2: Ground out 6-3 (Groundball, 56, EV 105.6 MPH)
|
Batting: RHB Gene Menees
|
0-0: Ball 1-0: Fly out, F8 (Flyball, 89M, EV 93.1 MPH)
|
Batting: LHB Gerald Perry
|
0-0: Foul Ball, location: 2F 0-1: Ball 1-1: Ball 2-1: Ball 3-1: Base on Balls
|
Batting: SHB Wallace Johnson
|
0-0: Ball 1-0: Ball 2-0: Called Strike 2-1: Ball 3-1: Fly out, F8 (Line Drive, 8LD, EV 98.1 MPH)
|
Bottom of the 9th over - 0 runs, 0 hits, 0 errors, 1 left on base; Montego Bay 5 - Managua 1 |
|